 Dungeon Crawl Stone Soup version 0.29-a0-923-g6e406bff71 (webtiles) character file.

Game seed: 18200608879343421658

189 jlumianski the Chiller (level 5, -9/36 HPs)
             Began as a Demonspawn Ice Elementalist on July 26, 2022.
             Killed from afar by an orc (12 damage)
             ... with a bolt of light
             ... on level 3 of the Dungeon on July 27, 2022.
             The game lasted 00:18:05 (3266 turns).

jlumianski the Chiller (DsIE)                       Turns: 3266, Time: 00:18:05

Health: -9/36      AC:  5    Str:  8    XL:     5   Next: 40%
Magic:  9/9        EV: 12    Int: 18    God:
Gold:   128        SH:  0    Dex: 16    Spells: 5/9 levels left

rFire   . . .      SeeInvis +   s - +0 short sword (venom)
rCold   . . .      Faith    .   (no shield)
rNeg    . . .      Spirit   .   f - +0 leather armour
rPois   .          Reflect  .   t - +1 helmet
rElec   .          Harm     .   (no cloak)
rCorr   .          Rampage  .   (no gloves)
Will    .....                   (no boots)
Stlth   ++........              (no amulet)
HPRegen 0.12/turn               q - ring of see invisible
MPRegen 0.11/turn               (no ring)

@: confused
A: thin skeletal structure 1, demonic magic 2
a: no special abilities


You were on level 3 of the Dungeon.
You visited 1 branch of the dungeon, and saw 4 of its levels.

You collected 128 gold pieces.

Inventory:

Hand Weapons
 e - a +0 dagger
 m - a +0 short sword
 p - a +0 sling
 s - a +0 short sword of venom (weapon)
 v - a +0 rapier
Missiles
 c - 3 boomerangs (quivered)
 d - 27 stones
 i - 2 poisoned darts
 k - 5 curare-tipped darts
Armour
 a - a +0 robe
 f - a +0 leather armour (worn)
 n - a +0 leather armour
 t - a +1 helmet (worn)
Jewellery
 q - a ring of see invisible (left hand)
Scrolls
 h - 2 scrolls of teleportation
 o - a scroll of blinking
 r - a scroll of enchant weapon
 u - a scroll of identify
Potions
 b - a potion of magic
 g - a potion of flight
 j - a potion of invisibility
 l - 3 potions of heal wounds


   Skills:
 + Level 0.4 Fighting
 + Level 0.8 Short Blades
 + Level 0.1 Throwing
 + Level 1.7 Armour
 + Level 2.1 Dodging
 + Level 2.7 Stealth
 + Level 2.7 Spellcasting
 + Level 4.6 Ice Magic


You had 5 spell levels left.
You knew the following spells:

 Your Spells              Type           Power      Damage    Failure   Level
a - Freeze                Ice            76%        1d9       3%          1
b - Frozen Ramparts       Ice            38%        1d5       11%         3

Your spell library contained the following spells:

 Spells                   Type           Power      Damage    Failure   Level
 Ozocubu's Armour         Ice            19%        N/A       11%         3
 Poisonous Vapours        Pois/Air       4%         N/A       34%         2
 Hailstorm                Conj/Ice       10%        3d5       67%         4
 Corpse Rot               Necr/Pois/Air  2%         N/A       93%         4


Dungeon Overview and Level Annotations

Branches:
Dungeon (4/15)
 Temple: D:4-7

Altars:
Qazlal


Innate Abilities, Weirdness & Mutations

You have a somewhat thin skeletal structure. (Dex +2, Stealth+)
Spells you cast may paralyse nearby enemies.


Message History

The helpless dart slug fails to defend itself.
You puncture the dart slug!
You kill the dart slug!
The frozen ramparts melt away.
HP restored.
You now have 119 gold pieces (gained 19).
A dart slug comes into view.
The dart slug launches a dart at you. The slug dart hits you.
The dart slug bites you but does no damage.
Casting: Frozen Ramparts (quite dangerous; 11% risk of failure)
Confirm with . or Enter, or press ? or * to list all spells.
Aiming: Freeze (safe; 3% risk of failure)
Press: ? - help, Shift-Dir - straight line, f - dart slug
Aim: a dart slug You freeze the dart slug.
The dart slug is lightly wounded.
Malevolent energies surge around you.
The dart slug suddenly stops moving!
The helpless dart slug fails to defend itself.
You hit the dart slug.
The dart slug is poisoned.
The dart slug is severely wounded.
You kill the dart slug!
You see here a dart slug corpse.
A frilled lizard comes into view.
The helpless frilled lizard fails to defend itself.
You puncture the frilled lizard!
You kill the frilled lizard!
You now have 128 gold pieces (gained 9).
You open the door.
An orc comes into view.
It is wielding a +0 flail and carrying a wand of light (4).
There is an open door here.
There is an open door here.
The orc shouts!
You hear a shout!
The orc zaps a wand.
The bolt of light hits you!
The orc zaps a wand.
The bolt of light misses you.
The orc zaps a wand.
The bolt of light hits you!
* * * LOW HITPOINT WARNING * * *
The orc zaps a wand.
The bolt of light hits you!
You are confused.
You die...

...........##..#.#<#.
................###.#.#.#.
................# #.#.#.#.
................# #.#.#.#.
................# #...#.#.
#..............####....#.
#......# #...........
#.....o############......
#......'@...........>####
#......#######...........
#......# #.####.#####
#......# #...........
######## #..###......
#..###.##### #...........
#........... ############


You could see an orc.

Vanquished Creatures
  3 orc wizards (D:4)
  Robin (D:2)
  2 adders (D:2)
  7 dart slugs
  7 orcs
  3 ball pythons
  4 bats
  An endoplasm (D:1)
  13 goblins
  13 hobgoblins
  4 jackals (D:1)
  6 kobolds
  4 quokkas
  3 frilled lizards
  3 rats
74 creatures vanquished.

Notes
Turn   | Place    | Note
-------+----------+-------------------------------------------
     0 | D:1      | jlumianski the Demonspawn Ice Elementalist began the quest
                  | for the Orb.
     0 | D:1      | Reached XP level 1. HP: 13/13 MP: 3/3
   234 | D:1      | Gained mutation: Spells you cast may paralyse adjacent
                  | enemies. [demonic ancestry]
   234 | D:1      | Reached XP level 2. HP: 19/19 MP: 1/5
   249 | D:1      | Reached skill level 4 in Ice Magic
   626 | D:2      | Found a faded altar of an unknown god.
   646 | D:1      | Gained mutation: You have a somewhat thin skeletal
                  | structure. (Dex +2, Stealth+) [demonic ancestry]
   646 | D:1      | Reached XP level 3. HP: 23/24 MP: 3/6
   650 | D:1      | Learned a level 3 spell: Frozen Ramparts
  1295 | D:2      | Upgraded the game from 0.29-a0-911-g88e6f02907 to
                  | 0.29-a0-923-g6e406bff71
  1496 | D:2      | Reached skill level 1 in Armour
  1724 | D:2      | Gained mutation: Spells you cast may paralyse nearby
                  | enemies. [demonic ancestry]
  1724 | D:2      | Reached XP level 4. HP: 25/30 MP: 1/7
  1856 | D:3      | Noticed Robin
  2209 | D:2      | Killed Robin
  2849 | D:2      | Found a stormy altar of Qazlal.
  3000 | D:4      | Reached XP level 5. HP: 15/36 MP: 3/8
  3266 | D:3      | Killed from afar by an orc

Illustrated notes

Levels and vault maps discovered:
D:1:      saegor_arrival_fortress, layout_basic
D:2:      layout_loops_ring, basic_altar, nicolae_ecumenical_oubliette
D:3:      layout_basic, corexii_hall_statues_s, uniq_robin, uniq_terence,
          uniq_grinder
D:4:      layout_basic, nicolae_overflow_crystal_walls,
          nicolae_uskayaw_suspiria, mainiacjoe_overflow_alcove_2

Skill      XL: |  1  2  3 |
---------------+----------+-----
Ice Magic      | 4 |  4.6
Dodging        | 2 |  2.1
Stealth        | 2 |  2.7
Armour         | 1 |  1.7
Fighting       | |  0.4
Short Blades   | |  0.8
Throwing       | |  0.1
Spellcasting   | |  2.7

Action                   |  1- 3 |  4- 6 || total
-------------------------+-------+-------++-------
Melee: Dagger            |    37 |       ||    37
       Punch             |     3 |     1 ||     4
       Short sword       |       |    26 ||    26
Throw: Stone             |     1 |       ||     1
       Boomerang         |       |     4 ||     4
 Cast: Freeze            |    36 |    14 ||    50
       Frozen Ramparts   |     7 |     8 ||    15
  Use: Scroll            |     7 |     1 ||     8
       Potion            |     1 |       ||     1
 Stab: Paralysed         |     7 |     8 ||    15
       Sleeping          |     5 |     7 ||    12
Armor: Robe              |     1 |       ||     1
       Leather armour    |    20 |    14 ||    34
Dodge: Dodged            |    41 |    25 ||    66

Table legend: (Time is in decaauts)
 A = Elapsed time spent in this place.
 B = Non-inter-level travel time spent in this place.
 C = Inter-level travel time spent in this place.
 D = Time resting spent in this place.
 E = Time spent auto-exploring this place.
 F = Levels seen in this place.
 G = Mean time per level.
                   A        B        C        D        E       F      G
               +--------+--------+--------+--------+--------+-----+--------+
         Total |   3282 |   3223 |     59 |    601 |   1481 |   4 |  820.5 |
       Dungeon |   3282 |   3223 |     59 |    601 |   1481 |   4 |  820.5 |
               +--------+--------+--------+--------+--------+-----+--------+

Top non-repeatable levels by time:
     D:2: 1676 daAuts
     D:1: 1145 daAuts
     D:3: 395 daAuts
     D:4: 65 daAuts
